 Dungeon Crawl Stone Soup version 0.31.0 (webtiles) character file.

Game seed: 4629657055036414712

12 Esekla the Sneak (level 2, 18/21 HPs)
             Began as an Octopode Delver on Jan 19, 2024.
             Quit the game on level 5 of the Dungeon.
             The game lasted 00:00:53 (86 turns).

Esekla the Sneak (Octopode Delver)                    Turns: 86, Time: 00:00:53

Health: 18/21      AC:  1    Str: 11    XL:     2   Next: 33%
Magic:  2/2        EV: 13    Int: 12    God:
Gold:   14         SH:  0    Dex: 13    Spells: 1/1 levels left

rFire   . . .        a - +0 falchion
rCold   . . .        (no shield)
rNeg    . . .        (helmet restricted)
rPois   .            (no amulet)
rElec   .            (no ring)
rCorr   .            (no ring)
SInv    .            (no ring)
Will    .....        (no ring)
Stlth   ++++         (no ring)
HPRegen 0.23/turn    (no ring)
MPRegen 0.08/turn    (no ring)
                     (no ring)

%: no passive effects
@: no status effects
A: almost no armour, amphibious, 8 rings, camouflage 1, gelatinous body 1,
(nimble swimmer 1), tentacles
a: no special abilities


You were on level 5 of the Dungeon.
You visited 1 branch of the dungeon, and saw 1 of its levels.

You collected 14 gold pieces.

Inventory:

Hand Weapons
 a - a +0 falchion (weapon)
 g - a +0 dagger
Wands
 f - a wand of digging (3)
Scrolls
 b - a scroll of fog
 h - a scroll of identify {unknown}
Potions
 e - a potion of haste


   Skills:
 * Level 3.1 Fighting
 * Level 2.1 Long Blades
 * Level 2.1 Dodging
 + Level 6.9 Stealth
 * Level 0.3 Spellcasting


You had one spell level left.
You didn't know any spells.
Your spell library was empty.

Dungeon Overview and Level Annotations

Branches:
Dungeon (5/15)
 Temple: D:4-7

Altars:
Makhleb

Annotations:
D:5 Ijyb


Innate Abilities, Weirdness & Mutations

You cannot wear most types of armour.
You are amphibious.
You can wear up to eight rings at the same time.
Your skin changes colour to match your surroundings (Stealth+).
Your rubbery body absorbs attacks. (AC +1, EV +1)
((You are camouflaged when in or above water. (Stealth+)))
You have tentacles for arms and can constrict up to eight enemies at once.


Message History

The orc closely misses you.
The orc shouts!
You hit the orc but do no damage. You squeeze the orc.
The orc is heavily wounded.
You constrict the orc.
You kill the orc!
A scorpion comes into view.
As you read the scroll of fear, it crumbles to dust.
You assume a fearsome visage.
The scorpion looks frightened!
The orc looks frightened!
Found 14 gold pieces.
A jelly comes into view.
Found 7 stones.
The quokka closely misses you. x2
You miss the quokka. You grab the quokka. You constrict the quokka.
The quokka barely misses you.
You completely miss the quokka.
The quokka is severely wounded.
You constrict the quokka.
You kill the quokka!
You see here 14 gold pieces.
You now have 14 gold pieces.
Found a robe.
An adder comes into view.
g - a +0 dagger (weapon)
The adder hisses angrily.
The adder closely misses you. x2
You see here a +0 robe.
You miss the adder. Your grab misses the adder. The adder bites you.
a - a +0 falchion (weapon)
The adder bites you.
You slash the adder! Your grab misses the adder.
The adder is almost dead.
The adder bites you but does no damage.
You hit the adder.
You kill the adder!
You have reached level 2!
Ijyb the Twisted Goblin comes into view.
She is wielding a +0 club and carrying a wand of roots.
Found a club.
Found a burning altar of Makhleb.
Are you sure you want to abandon this character and quit the game? (Confirm with "yes".) ,* *,** #.P.....P.##***,* ,* *,,* #.P.PPP.Pg..,,,,* ,* **,* #........).#***** ,* *,* #.PPPPPPP..#

,* *,* #..........# ,####
*,* #.......#*,* ,,.J# *,*
***#.#****,* **#.#
#.######.# *,* ##.##
#......#@# *,* ##...##
*#####.#.# *,*
#.....####.....[.# *,*
..........(#.....#****,*
#†....#####..........,,****
##...## ##.....####,,,,,*
##.## ##...## *,***,* #.#
##.##** *,* *,* #.#
###*,***,* *,*


There were no monsters in sight!

Vanquished Creatures
  An adder (D:5)
  An orc (D:5)
  A quokka (D:5)
3 creatures vanquished.

Notes
Turn   | Place    | Note
-------+----------+-------------------------------------------
     0 | D:5      | Esekla the Octopode Delver began the quest for the Orb.
     0 | D:5      | Reached XP level 1. HP: 16/16 MP: 1/1
    33 | D:5      | Noticed a scorpion
    52 | D:5      | Noticed a jelly
    80 | D:5      | Reached XP level 2. HP: 16/21 MP: 2/2
    82 | D:5      | Noticed Ijyb
    83 | D:5      | Found a burning altar of Makhleb.
    86 | D:5      | Quit the game

Illustrated notes

Levels and vault maps discovered:
D:5:      layout_loops_ring, mainiacjoe_overflow_cross_hatched, uniq_ijyb,
          uniq_grinder, uniq_pikel

Action                     || total
---------------------------++-------
  Melee: Falchion          ||     7
         Constrict         ||     2
         Tentacles         ||     2
         Dagger            ||     1
    Use: Scroll            ||     2
 Armour: Skin              ||     3
  Dodge: Dodged            ||     7
